 Dungeon Crawl Stone Soup version 0.21-a0-153-g78480df (webtiles) character file.

91 Charly the Scratcher (level 4, -3/19 HPs)
             Began as a Felid Transmuter on Aug 1, 2017.
             Slain by a bullfrog (5 damage)
             ... on level 6 of the Dungeon.
             The game lasted 00:16:38 (1244 turns).

Charly the Scratcher (Felid Transmuter)             Turns: 1244, Time: 00:16:39

Health: -3/19      AC:  2    Str:  6    XL:     4   Next: 34%
Magic:  0/8        EV: 22    Int: 14    God:
Gold:   97         SH:  0    Dex: 22    Spells: 1/7 levels left
                                        Lives:  0   Deaths: 1

rFire    . . .     SeeInvis +     - Unarmed
rCold    . . .     Gourm    .   (shield unavailable)
rNeg     . . .     Faith    .   (armour unavailable)
rPois    x         Spirit   .   (helmet unavailable)
rElec    .         Reflect  .   (cloak unavailable)
rCorr    .         Harm     .   (gloves unavailable)
MR       .....                  (boots unavailable)
Stlth    ++........             (no amulet)
HPRegen  0.06/turn              (no ring)
MPRegen  0.11/turn              (no ring)

@: spider-form (expiring), very slightly contaminated
A: no armour, no weapons or thrown items, stealth, rugged brown scales 1, see
invisible, carnivore 3, slow metabolism 1
a: End Transformation


You were on level 6 of the Dungeon.
You were not hungry.
You were a venomous arachnid creature.
You visited 2 branches of the dungeon, and saw 7 of its levels.

You collected 97 gold pieces.

Inventory:

Missiles
 a - 7 arrows
Scrolls
 d - a scroll of identify
 e - a scroll of remove curse
 g - 3 scrolls of recharging {unknown}
 h - 4 scrolls of blinking {unknown}
 j - a scroll of amnesia {unknown}
 l - 2 scrolls of teleportation {unknown}
 n - a scroll of magic mapping {unknown}
Potions
 f - a potion of brilliance
 i - a potion of invisibility
 k - a potion of resistance {unknown}
 m - a potion of flight
Books
 b - a book of Changes

   Spells                             Type                      Level
   a - Beastly Appendage              Transmutation                1
   b - Sticks to Snakes               Transmutation                2
   c - Spider Form                    Transmutation/Poison         3
   d - Ice Form                       Ice/Transmutation            4
   e - Blade Hands                    Transmutation                5
Comestibles
 c - 3 meat rations


   Skills:
 - Level 2.0 Fighting
 + Level 3.6 Dodging
 + Level 4.2 Unarmed Combat
 - Level 2.0 Spellcasting
 - Level 3.1 Transmutations
 - Level 1.5 Poison Magic


You had one spell level left.
You knew the following spells:

 Your Spells              Type           Power        Failure   Level  Hunger
a - Beastly Appendage     Tmut           ##....       19%         1    ##.....
b - Sticks to Snakes      Tmut           ##......     24%         2    ###....
S - Spider Form           Tmut/Pois      #.........   50%         3    ####...


Dungeon Overview and Level Annotations

Branches:
Dungeon (6/15)             Temple (1/1) D:4

Altars:
Ashenzari
Dithmenos
Elyvilon
Fedhas
Hepliaklqana
Makhleb
Nemelex Xobeh
Okawaru
Qazlal
Ru
Sif Muna
Trog
Uskayaw
Vehumet
Xom
Yredelemnul
Zin

Shops:
D:6 *

Annotations:
D:3 4thArraOfDagon's ghost, weakling OpEn


Innate Abilities, Weirdness & Mutations

You cannot wear armour.
You are incapable of wielding weapons or throwing items.
Your paws allow you to move quietly. (Stealth)
((You have sharp claws.))
((You have razor-sharp teeth.))
You have supernaturally acute eyesight. (SInv)
You are carnivorous and can eat meat at any time.
((You cover ground quickly.))
((You are covered in thick fur. (AC +2)))
You have a slow metabolism.
((Your sharp claws are effective at attacking unaware monsters.))
(You are partially covered in rugged brown scales. (AC +1, +3% HP))
((Your flesh is heat resistant. (rF+)))


Message History

The bullfrog misses you.
Unknown command.
You hit the bullfrog.
The bullfrog is poisoned.
The bullfrog is moderately wounded.
The bullfrog completely misses you. x2
You hit the bullfrog.
The bullfrog is heavily wounded.
The bullfrog misses you.
You completely miss the bullfrog.
The bullfrog is heavily wounded.
Your transformation is almost over.
The bullfrog misses you. The bullfrog hits you.
* * * LOW HITPOINT WARNING * * *
You barely miss the bullfrog.
The bullfrog is heavily wounded.
The bullfrog closely misses you.
You completely miss the bullfrog.
The bullfrog is heavily wounded.
The bullfrog hits you.
You die...

#..). #...........
#.....#...........
#.....#...... ...##
#[....#.... .).#
#...##..# #####
##...##..######..
#................
#................
##......Fs.......
..####+##...##.<##.###..
............##### ##
≈≈≈≈≈≈.##...# .....≈.
##+## .⌠.⌠.≈. !F.
..∩..≈. ....#
.⌠.⌠.≈......#
.....≈.##...+


You could see a bullfrog.

Vanquished Creatures
  Blork the orc (D:4)
  A worker ant (D:4)
  A hound zombie (D:6)
  A worker ant zombie (D:5)
  A howler monkey zombie (D:5)
  An adder (D:4)
  A dart slug (D:2)
  3 leopard geckos
  A giant cockroach (D:4)
  2 goblins (D:1)
  3 hobgoblins (D:1)
  3 kobolds
  2 ball pythons
  A bat (D:1)
  2 frilled lizards
  3 rats (D:2)
27 creatures vanquished.

Vanquished Creatures (collateral kills)
  A leopard gecko skeleton (D:4)
1 creature vanquished.

Grand Total: 28 creatures vanquished

Notes
Turn   | Place    | Note
-------+----------+-------------------------------------------
     0 | D:1      | Charly the Felid Transmuter began the quest for the Orb.
     0 | D:1      | Reached XP level 1. HP: 9/9 MP: 4/4
   146 | D:1      | Reached XP level 2. HP: 7/12 MP: 4/6
   165 | D:1      | Learned a level 2 spell: Sticks to Snakes
   200 | D:2      | Found an iron altar of Okawaru.
   433 | D:5      | Entered Level 5 of the Dungeon
   558 | D:3      | Noticed 4thArraOfDagon's ghost (weakling OpEn)
   596 | D:4      | Found a sparkling altar of Nemelex Xobeh.
   745 | D:4      | Noticed Blork the orc
   769 | D:4      | Found a staircase to the Ecumenical Temple.
   781 | D:4      | Reached XP level 3. HP: 13/16 MP: 3/7
   786 | Temple   | Entered the Ecumenical Temple
   922 | D:4      | Learned a level 3 spell: Spider Form
   940 | D:4      | Killed Blork the orc
   940 | D:4      | Reached skill level 1 in Poison Magic
   940 | D:4      | Reached XP level 4. HP: 11/19 MP: 1/8
  1069 | D:5      | Reached skill level 4 in Unarmed Combat
  1070 | D:5      | Gained mutation: You are partially covered in rugged brown scales. (AC +1, +3% HP) [potion of mutation]
  1070 | D:5      | Gained mutation: You are covered in thick fur. (AC +2) [potion of mutation]
  1070 | D:5      | Gained mutation: Your flesh is heat resistant. (rF+) [potion of mutation]
  1075 | D:5      | Slain by a hound
  1076 | D:5      | Reached XP level 3. HP: -2/16 MP: 6/7
  1193 | D:5      | Reached XP level 4. HP: 7/19 MP: 4/8
  1224 | D:6      | Noticed a bullfrog
  1227 | D:6      | Found Gozag's Platinum Reserve.
  1244 | D:6      | Slain by a bullfrog

Vault maps used:
D:1:      shiori_arrival_oz, minivault_5
D:2:      marbit_many_paths, okawaru_metal_pillars_3
D:3:      serial_bayou, serial_bayou_pond_e, serial_bayou_pond_e,
          serial_bayou_pond_a, serial_bayou_pond_c, serial_bayou_pond_a
D:4:      cheibrodos_old_hovel, kennysheep_little_box, temple_hall,
          nicolae_ru_path_of_blood, uniq_grinder, uniq_blork_the_orc
D:5:      lemuel_crystal_altar, first_bread
D:6:      nicolae_gozag_zags_fifth_avenue
Temple:   regret_index_temple_generic_petals

Skill      XL: |  1  2  3  4 |
---------------+-------------+-----
Dodging        | 3 |  3.6
Transmutations | 3 |  3.1
Poison Magic   | 1 |  1.5
Fighting       | 2 |  2.0
Unarmed Combat | 4 |  4.2
Spellcasting   | |  2.0

Action                   |  1- 3 |  4- 6 || total
-------------------------+-------+-------++-------
Melee: Unarmed           |    69 |    23 ||    92
       Headbutt          |     1 |       ||     1
       Bite              |     1 |       ||     1
 Cast: Beastly Appendage |     7 |       ||     7
       Sticks to Snakes  |     5 |       ||     5
       Spider Form       |     3 |     3 ||     6
  Use: Potion            |     3 |     2 ||     5
       Scroll            |       |     5 ||     5
 Stab: Sleeping          |     5 |       ||     5
       Distracted        |     1 |       ||     1
Armor: Skin              |     4 |     1 ||     5
Dodge: Dodged            |    43 |    24 ||    67
